 Dungeon Crawl Stone Soup version 0.19-a0-958-gd69d43c (webtiles) character file.

800 epen the Charmwright (level 7, -1/52 HPs)
             Began as a Merfolk Skald on July 11, 2016.
             Was an Initiate of Okawaru.
             Splashed by a jelly's acid (5 damage)
             ... on level 6 of the Dungeon.
             The game lasted 00:10:51 (5358 turns).

epen the Charmwright (Merfolk Skald)                Turns: 5358, Time: 00:10:52

Health: -1/52      AC: -4    Str: 20    XL:     7   Next: 90%
Magic:  13/13      EV: 11    Int: 12    God:    Okawaru [......]
Gold:   205        SH:  0    Dex: 13    Spells: 4 memorised, 5 levels left

rFire  x . .     SeeInvis .     t - +2 spear "Tudatoh" {venom, +Blink rElec rF- Str+6} (curse)
rCold  . . .     Gourm    .     y - +0 scale mail
rNeg   . . .     Faith    +     (no shield)
rPois  .         Spirit   .     m - +0 helmet
rElec  +         Dismiss  .     (no cloak)
rCorr  .         Reflect  .     (no gloves)
SustAt .         Harm     .     (no boots)
MR     +....                    D - amulet of faith
Stlth  ..........               v - ring of protection from magic
                                e - ring of wizardry

@: corroded, drained, somewhat resistant to hostile enchantments, extremely
unstealthy
A: change form in water, swift swim
a: Renounce Religion, Evoke Blink


You were on level 6 of the Dungeon.
You worshipped Okawaru.
Okawaru was noncommittal.
You were very hungry.

You visited 2 branches of the dungeon, and saw 7 of its levels.

You collected 205 gold pieces.

Inventory:

Hand Weapons
 a - a +0 spear
 t - the cursed +2 spear "Tudatoh" (weapon) {venom, +Blink rElec rF- Str+6}
   (You found it on level 4 of the Dungeon)

   It poisons the flesh of those it strikes.
   It affects your strength (+6).
   It makes you vulnerable to fire.
   It insulates you from electricity.
   It lets you blink.
   It has a curse placed upon it.
 A - a +0 halberd
Armour
 b - a +0 leather armour
 m - a +0 helmet (worn)
 y - a +0 scale mail (worn)
Jewellery
 e - a ring of wizardry (left hand)
 o - an uncursed ring of stealth
 q - an uncursed amulet of harm
 v - a ring of protection from magic (right hand)
 D - an amulet of faith (around neck)
Wands
 x - a wand of lightning (9/15)
 B - a wand of teleportation (3/9)
Scrolls
 g - 2 scrolls of amnesia {unknown}
 h - a scroll of fog {unknown}
 i - 3 scrolls of teleportation {unknown}
 j - a scroll of noise {unknown}
 l - 8 scrolls of identify {unknown}
 p - 3 scrolls of magic mapping {unknown}
 w - 3 scrolls of immolation {unknown}
 G - a scroll of enchant weapon {unknown}
Potions
 k - a potion of cure mutation {unknown}
 n - 3 potions of flight {unknown}
 r - a potion of agility {unknown}
 u - a potion of degeneration {unknown}
 z - 2 potions of haste {unknown}
 E - a potion of might {unknown}
 F - a potion of brilliance {unknown}
 H - a potion of ambrosia {unknown}
Books
 c - a book of Battle

   Spells                             Type                      Level
   a - Infusion                       Charms                       1
   b - Shroud of Golubria             Charms/Translocation         2
   c - Song of Slaying                Charms                       2
   d - Spectral Weapon                Hexes/Charms                 3
   e - Regeneration                   Charms/Necromancy            3
 s - a book of Annihilations

   Spells                             Type                      Level
   a - Poison Arrow                   Conjuration/Poison           6
   b - Chain Lightning                Conjuration/Air              8
   c - Lehudib's Crystal Spear        Conjuration/Earth            8
   d - Glaciate                       Conjuration/Ice              9
   e - Fire Storm                     Conjuration/Fire             9
 I - a book of Beasts

   Spells                             Type                      Level
   a - Summon Butterflies             Summoning                    1
   b - Call Canine Familiar           Summoning                    3
   c - Summon Ice Beast               Ice/Summoning                4
   d - Summon Mana Viper              Hexes/Summoning              5
   e - Summon Hydra                   Summoning                    7
Comestibles
 d - 5 bread rations
 f - a fruit
 C - a royal jelly


   Skills:
 + Level 3.4(2.3) Fighting
 + Level 4.8(3.6) Polearms
 + Level 2.1(1.1) Armour
 + Level 3.9(2.8) Dodging
 * Level 4.0(2.9) Spellcasting
 * Level 2.8(1.8) Hexes
 * Level 5.5(4.3) Charms


You had 5 spell levels left.
You knew the following spells:

 Your Spells              Type           Power        Failure   Level  Hunger
a - Infusion              Chrm           ##..         6%          1    #......
b - Song of Slaying       Chrm           ##......     9%          2    ###....
c - Spectral Weapon       Hex/Chrm       #.......     38%         3    ###....
d - Regeneration          Chrm/Necr      #.........   58%         3    ###....


Dungeon Overview and Level Annotations

Branches:
Dungeon (6/15)             Temple (1/1) D:4

Altars:
Ashenzari
Cheibriados
Fedhas
Hepliaklqana
Kikubaaqudgha
Okawaru
Sif Muna
Trog
Uskayaw
Vehumet
Xom
Yredelemnul
Zin
The Shining One


Message History

The jelly is severely wounded.
The jelly hits you.
You are splashed with acid!
The acid corrodes you!
The acid burns!
You hit the jelly.
Your hands burn!
The jelly is severely wounded.
The jelly hits you.
You are splashed with acid!
The acid burns!
* * * LOW HITPOINT WARNING * * *
You are too injured to fight recklessly!
The jelly hits you.
* * * LOW HITPOINT WARNING * * *
You are splashed with acid!
The acid corrodes you!
The acid burns!
* * * LOW HITPOINT WARNING * * *
Okay, then.
You hit the jelly but do no damage.
The jelly looks as sick as possible!
Your hands burn!
* * * LOW HITPOINT WARNING * * *
The jelly is almost dead.
You hit the jelly but do no damage.
The jelly looks as sick as possible!
Your hands burn!
You die...

................# #..)..
#.......#.##.#.# #.<###
#.#####.#.##.#.####..#..
#.#.##............
#.................
#.#.####.#####.### #.#.#
#.# #.# #J#.# #.# #.#
#@#.# #.# #.# #.#.# #.#
.# #...# #.# ##..# ###


You could see a jelly.

Vanquished Creatures
  An ogre (D:6)
  A centaur (D:5)
  A howler monkey (D:5)
  A crimson imp (D:4)
  2 orc wizards (D:5)
  An orc priest (D:3)
  2 centaur skeletons
  2 hounds
  Jessica (D:2)
  The ghost of Charly the Cudgeler, a weakling GrSk (D:3)
  2 hound skeletons (D:4)
  Robin (D:2)
  12 adders
  4 gnolls (D:4)
  A howler monkey skeleton (D:4)
  3 oozes
  3 worms
  6 giant geckos
  8 orcs
  6 bats
  5 giant cockroaches
  13 goblins
  9 hobgoblins
  11 jackals
  A quokka (D:5)
  2 ball pythons
  5 giant newts
  7 kobolds
  7 rats
119 creatures vanquished.

Vanquished Creatures (others)
  A worker ant (D:4)
  A giant gecko (D:4)
  A spectral weapon (D:6)
3 creatures vanquished.

Grand Total: 122 creatures vanquished

Notes
Turn   | Place    | Note
-------+----------+-------------------------------------------
     0 | D:1      | epen the Merfolk Skald began the quest for the Orb.
     0 | D:1      | Reached XP level 1. HP: 16/16 MP: 3/3
   356 | D:1      | Reached XP level 2. HP: 19/23 MP: 5/5
   363 | D:1      | Learned a level 2 spell: Song of Slaying
   864 | D:1      | Reached skill level 1 in Armour
  1417 | D:1      | Reached XP level 3. HP: 27/28 MP: 6/6
  1422 | D:1      | Learned a level 3 spell: Spectral Weapon
  1568 | D:2      | Noticed Jessica
  1577 | D:2      | Noticed Robin
  1631 | D:2      | Killed Robin
  1636 | D:2      | Reached XP level 4. HP: 18/34 MP: 2/7
  1644 | D:2      | Killed Jessica
  1895 | D:2      | Reached skill level 4 in Charms
  2031 | D:2      | Reached XP level 5. HP: 37/40 MP: 9/9
  2189 | D:2      | Learned a level 3 spell: Regeneration
  2566 | D:3      | Noticed Charly's ghost (weakling GrSk)
  2584 | D:3      | Killed Charly's ghost
  2897 | D:3      | Reached XP level 6. HP: 25/46 MP: 6/10
  3074 | D:3      | Reached skill level 1 in Hexes
  3544 | D:4      | Got a crystal spear
  3550 | D:4      | Identified the cursed +2 spear "Tudatoh" {venom, +Blink rElec rF- Str+6} (You found it on level 4 of the Dungeon)
  4198 | D:4      | Reached XP level 7. HP: 52/52 MP: 12/12
  4255 | D:4      | Found a staircase to the Ecumenical Temple.
  4260 | D:4      | Reached skill level 5 in Charms
  4388 | Temple   | Entered the Ecumenical Temple
  4412 | Temple   | Became a worshipper of Warmaster Okawaru
  4469 | D:5      | Entered Level 5 of the Dungeon
  5358 | D:6      | Splashed by a jelly's acid

Vault maps used:
D:1:      minmay_arrival_four_houses, minmay_shallow_snake_nest
D:2:      uniq_jessica, uniq_robin
D:4:      first_bread, lemuel_flame_loot_1
D:6:      uniq_grinder, uniq_eustachio, uniq_crazy_yiuf_cottage
Temple:   nicolae_temple_the_god_donut

Skill      XL: |  1  2  3  4  5  6  7 |
---------------+----------------------+-----
Dodging        | 2 3 |  3.9
Armour         | 1 2 |  2.1
Polearms       | 4 |  4.8
Charms         | 4 5 |  5.5
Spellcasting   | 3 4 |  4.0
Hexes          | 1 2 |  2.8
Fighting       | 3 |  3.4

Action                   |  1- 3 |  4- 6 |  7- 9 || total
-------------------------+-------+-------+-------++-------
Melee: Spear             |   118 |   278 |    67 ||   463
 Cast: Spectral Weapon   |     2 |    14 |     5 ||    21
       Infusion          |     1 |     2 |     1 ||     4
       Song of Slaying   |     1 |     3 |     1 ||     5
       Regeneration      |       |       |     1 ||     1
  Use: Potion            |       |       |     2 ||     2
 Stab: Distracted        |     1 |       |       ||     1
       Sleeping          |       |     3 |       ||     3
  Eat: Chunk             |     2 |     9 |     4 ||    15
       Beef jerky        |       |     1 |       ||     1
       Fruit             |       |       |     1 ||     1
Armor: Leather armour    |    21 |    46 |       ||    67
       Scale mail        |       |    12 |    19 ||    31
Dodge: Dodged            |    38 |   136 |    24 ||   198
